 Dungeon Crawl Stone Soup version 0.23.2-40-g277498a001 (webtiles) character file.

Game seed: 13818727881374438632

1430 Bombadil the Magician (level 8, -8/43 HPs)
             Began as a Deep Elf Fire Elementalist on Oct 18, 2019.
             Was an Initiate of Vehumet.
             Killed from afar by a steam dragon (16 damage)
             ... with a ball of steam
             ... on level 5 of the Dungeon.
             The game lasted 00:17:15 (6339 turns).

Bombadil the Magician (Deep Elf Fire Elementalist)  Turns: 6339, Time: 00:17:16

Health: -8/43      AC:  7    Str:  8    XL:     8   Next: 45%
Magic:  1/20       EV: 28    Int: 23    God:    Vehumet [......]
Gold:   231        SH:  0    Dex: 15    Spells: 5/21 levels left

rFire    . . .     SeeInvis .   q - +1 dagger (venom)
rCold    . . .     Gourm    .   (no shield)
rNeg     . . .     Faith    .   m - +3 leather armour
rPois    .         Spirit   .   (no helmet)
rElec    .         Reflect  .   (no cloak)
rCorr    .         Harm     .   l - +0 pair of gloves
MR       .....                  (no boots)
Stlth    +.........             y - amulet of the acrobat
HPRegen  0.14/turn              w - +3 ring of strength
MPRegen  0.17/turn              z - ring of wizardry

@: acrobat, very slow
A: no striking features
a: Renounce Religion


You were on level 5 of the Dungeon.
You worshipped Vehumet.
Vehumet was noncommittal.
You were very hungry.

You visited 2 branches of the dungeon, and saw 6 of its levels.

You collected 231 gold pieces.

Inventory:

Hand Weapons
 d - a +0 dagger
 q - a +1 dagger of venom (weapon)
Armour
 a - a +0 robe
 l - a +0 pair of gloves (worn)
 m - a +3 leather armour (worn)
 s - a cursed +0 helmet
Jewellery
 w - a +3 ring of strength (left hand)
 y - an amulet of the acrobat (around neck)
 z - a ring of wizardry (right hand)
Scrolls
 e - 2 scrolls of enchant weapon {unknown}
 f - 2 scrolls of random uselessness {unknown}
 g - 4 scrolls of remove curse {unknown}
 i - 6 scrolls of teleportation {unknown}
 r - 6 scrolls of identify {unknown}
 t - 3 scrolls of blinking {unknown}
 u - a scroll of immolation {unknown}
 v - 2 scrolls of fog {unknown}
 x - a scroll of holy word {unknown}
 A - a scroll of amnesia {unknown}
Potions
 b - a potion of might {unknown}
 h - 3 potions of heal wounds {unknown}
 j - 2 potions of curing
 k - a potion of brilliance {unknown}
 n - a potion of mutation {unknown}
 o - 3 potions of invisibility {unknown}
 p - a potion of haste {unknown}
 B - a potion of ambrosia {unknown}
 D - a potion of berserk rage {unknown}
Comestibles
 c - 6 rations
 C - 6 chunks of flesh


   Skills:
 + Level 1.4 Fighting
 + Level 1.1 Short Blades
 + Level 2.3 Armour
 + Level 4.2 Dodging
 + Level 4.1 Stealth
 + Level 7.2 Spellcasting
 + Level 5.2 Conjurations
 + Level 1.6 Hexes
 + Level 6.4 Fire Magic


You had 5 spell levels left.
You knew the following spells:

 Your Spells              Type           Power        Failure   Level  Hunger
a - Flame Tongue          Conj/Fire      #####        1%          1    None
b - Conjure Flame         Conj/Fire      #####...     1%          3    None
d - Sticky Flame          Conj/Fire      #####...     4%          4    ###....
e - Fireball              Conj/Fire      #####.....   11%         5    #####..
f - Inner Flame           Hex/Fire       ####....     2%          3    None

Your spell library contained the following spells:

 Spells                   Type           Power        Failure   Level  Hunger
 Throw Flame              Conj/Fire      #####.       1%          2    None


Dungeon Overview and Level Annotations

Branches:
Dungeon (5/15)             Temple (1/1) D:5

Altars:
Cheibriados
Elyvilon
Fedhas
Gozag
Hepliaklqana
Kikubaaqudgha
Makhleb
Nemelex Xobeh
Okawaru
Qazlal
Ru
Trog
Uskayaw
Vehumet
Wu Jian
Xom
Yredelemnul
Zin


Message History

The steam dragon is severely wounded.
Unknown command.
Casting: Fireball (slightly dangerous; 11% risk of failure)
Confirm with . or Enter, or press ? or * to list all spells.
Aiming: Flame Tongue (safe; 1% risk of failure)
Press: ? - help, Shift-Dir - straight line, f - steam dragon
Aim: a steam dragon (severely wounded)
The flame tongue hits the steam dragon.
The steam dragon is almost dead.
You aren't carrying any items that you can evoke.
Unknown command.
It was a potion of curing.
You feel better. The steam dragon breathes steam at you.
The ball of steam hits you!!
* * * LOW HITPOINT WARNING * * *
You enter the shallow water.
Moving in this stuff is going to be slow.
The steam dragon breathes steam at you. The ball of steam hits you!
You die...

#.##.# #......).####....# ##
#.##.# #.........######.####.
#.##.# #...###...............
####.# #...# ###.#.####...###
..### #...# #..#####.....#
≈≈PP######## ####P.≈..##...
...P§P.PP^#######≈.≈.P..###.#
...D....D§§§§§PP^≈≈PP...# #..
..§§.P...≈§§@§..........####.
..≈.#########..P.P≈≈≈P.......
..P ########P≈....... P
.####.÷.... ....#>.....
#......... #.........
#......... ##########


There were no monsters in sight!

Vanquished Creatures
  Sigmund (D:5)
  Menkaure (D:5)
  2 ogres (D:5)
  2 phantoms
  A centaur (D:5)
  2 scorpions
  4 hounds
  An orc wizard (D:4)
  An orc priest (D:3)
  A bullfrog skeleton (D:4)
  Jessica (D:2)
  An iguana (D:5)
  2 worker ants
  A hound skeleton (D:5)
  Robin (D:2)
  4 gnolls (D:2)
  13 adders
  2 shadow imps (D:5)
  An ooze (D:1)
  An adder skeleton (D:5)
  3 worms
  5 leopard geckos
  9 orcs
  5 giant cockroaches
  9 goblins
  16 hobgoblins
  7 jackals (D:3)
  10 kobolds
  4 quokkas
  A ball python (D:4)
  10 bats
  8 frilled lizards
  8 rats
  A fungus (D:5)
139 creatures vanquished.

Notes
Turn   | Place    | Note
-------+----------+-------------------------------------------
     0 | D:1      | Bombadil the Deep Elf Fire Elementalist began the quest for
                  | the Orb.
     0 | D:1      | Reached XP level 1. HP: 10/10 MP: 6/6
    58 | D:1      | Reached XP level 2. HP: 15/15 MP: 2/8
   773 | D:1      | Reached XP level 3. HP: 19/19 MP: 7/10
  1026 | D:2      | Learned a level 3 spell: Conjure Flame
  1240 | D:2      | Noticed Jessica
  1259 | D:2      | Killed Jessica
  1259 | D:2      | Reached XP level 4. HP: 24/24 MP: 8/11
  1272 | D:2      | Learned a level 3 spell: Inner Flame
  1288 | D:2      | Reached skill level 4 in Spellcasting
  1300 | D:2      | Learned a level 4 spell: Sticky Flame
  1734 | D:2      | Noticed Robin
  1927 | D:2      | Killed Robin
  1927 | D:2      | Reached XP level 5. HP: 28/28 MP: 5/13
  2180 | D:2      | Found an ornate altar of the Wu Jian Council.
  2200 | D:2      | Reached skill level 1 in Fighting
  2674 | D:3      | Found a hide-covered altar of Uskayaw.
  2677 | D:3      | Noticed a +0 hand axe
  2680 | D:3      | Noticed a +0 hand axe
  2708 | D:3      | Reached skill level 5 in Spellcasting
  2708 | D:3      | Reached XP level 6. HP: 34/34 MP: 8/15
  3409 | D:3      | Reached skill level 1 in Armour
  3475 | D:3      | Found a stormy altar of Qazlal.
  3699 | D:4      | Reached skill level 5 in Fire Magic
  4542 | D:4      | Reached XP level 7. HP: 38/38 MP: 5/17
  4549 | D:4      | Learned a level 5 spell: Fireball
  5190 | D:5      | Entered Level 5 of the Dungeon
  5194 | D:5      | Found a staircase to the Ecumenical Temple.
  5214 | Temple   | Entered the Ecumenical Temple
  5307 | D:5      | Reached skill level 1 in Hexes
  5346 | D:5      | Found a radiant altar of Vehumet.
  5399 | D:5      | Reached skill level 6 in Spellcasting
  5537 | D:5      | Became a worshipper of Vehumet
  5777 | D:5      | Noticed Menkaure
  5814 | D:5      | Killed Menkaure
  5814 | D:5      | Reached skill level 1 in Short Blades
  5814 | D:5      | Reached XP level 8. HP: 43/43 MP: 16/20
  6258 | D:5      | Found a snail-covered altar of Cheibriados.
  6258 | D:5      | Found a white marble altar of Elyvilon.
  6325 | D:5      | Noticed Sigmund
  6328 | D:5      | Killed Sigmund
  6328 | D:5      | Reached skill level 7 in Spellcasting
  6328 | D:5      | Reached skill level 5 in Conjurations
  6339 | D:5      | Killed from afar by a steam dragon

Skill      XL: |  1  2  3  4  5  6  7  8 |
---------------+-------------------------+-----
Dodging        | 3 4 |  4.2
Fire Magic     | 4 5 6 |  6.4
Spellcasting   | 4 5 6 7 |  7.2
Conjurations   | 2 3 4 5 |  5.2
Stealth        | 3 4 |  4.1
Fighting       | 1 |  1.4
Armour         | 1 2 |  2.3
Hexes          | 1 |  1.6
Short Blades   | 1 |  1.1

Action                   |  1- 3 |  4- 6 |  7- 9 || total
-------------------------+-------+-------+-------++-------
Melee: Dagger            |     1 |    45 |    27 ||    73
 Cast: Flame Tongue      |    52 |   125 |    44 ||   221
       Conjure Flame     |       |     9 |     3 ||    12
       Inner Flame       |       |     9 |     1 ||    10
       Sticky Flame      |       |     6 |     4 ||    10
       Fireball          |       |       |     5 ||     5
  Use: Potion            |       |       |     1 ||     1
 Stab: Sleeping          |       |     1 |     1 ||     2
  Eat: Chunk             |     1 |    12 |     3 ||    16
       Ration            |       |       |     1 ||     1
Armor: Leather armour    |     1 |    31 |     9 ||    41
Dodge: Dodged            |     7 |    61 |    27 ||    95
